 Dungeon Crawl Stone Soup version 0.17.1-1-g73c8601 (webtiles) character file.

4037 MirrMurr the Covert (level 10, -2/44 HPs)
             Began as a Spriggan Enchanter on Jan 1, 2016.
             Was a Follower of Ashenzari.
             Slain by an ogre
             ... wielding a +0 giant spiked club
              (22 damage)
             ... on level 8 of the Dungeon.
             The game lasted 00:19:56 (10302 turns).

MirrMurr the Covert (Spriggan Enchanter)           Turns: 10302, Time: 00:19:56

Health: -2/44      AC:  4    Str:  6    XL:     10   Next: 4%
Magic:  24/24      EV: 13    Int: 19    God:    Ashenzari [*.....]
Gold:   371        SH:  0    Dex: 18    Spells: 4 memorised, 19 levels left

rFire  . . .     SeeInvis +     a - +1 dagger (venom) (curse)
rCold  . . .     Clarity  .     v - +2 robe (curse)
rNeg   + . .     SustAt   .     (shield restricted)
rPois  .         Gourm    .     (helmet restricted)
rElec  .         Spirit   .     (no cloak)
rCorr  .         Warding  .     (gloves unavailable)
rMut   .         Stasis   .     (boots unavailable)
MR     +....                    (no amulet)
Stlth  +++++++...               j - ring of positive energy
                                m - +2 ring of strength

@: very quick, somewhat resistant to hostile enchantments, extremely stealthy
A: unfitting armour, see invisible, herbivore 3, speed 3, slow metabolism 2
a: Scrying, Renounce Religion


You were on level 8 of the Dungeon.
You worshipped Ashenzari.
Ashenzari was aware of your devotion.
You were full.

You visited 2 branches of the dungeon, and saw 9 of its levels.

You collected 423 gold pieces.
You spent 52 gold pieces at shops.

Inventory:

Hand Weapons
 a - a cursed +1 dagger of venom (weapon)
 b - a +2 dagger
 q - a +1 short sword of draining
 J - a +6 dagger of protection
Missiles
 f - 233 stones (quivered)
 u - 11 poisoned needles
 x - 13 tomahawks
Armour
 v - a cursed +2 robe (worn)
Jewellery
 e - an uncursed amulet of stasis
 j - a ring of positive energy (right hand)
 m - a +2 ring of strength (left hand)
Wands
 y - a wand of polymorph (7)
 I - a wand of magic darts (15)
Scrolls
 s - a scroll of fear
 w - 4 scrolls of curse weapon
 z - a scroll of enchant weapon
 B - 2 scrolls of enchant armour
 C - 2 scrolls of amnesia
 D - 3 scrolls of identify
 E - a scroll of teleportation
Potions
 h - a potion of cancellation
 i - 2 potions of invisibility
 k - a potion of agility
 l - 2 potions of magic
 n - a potion of heal wounds {unknown}
 o - 3 potions of brilliance {unknown}
 p - a potion of resistance {unknown}
 t - 4 potions of curing
 A - a potion of flight {unknown}
 F - a potion of degeneration {unknown}
 H - a potion of poison {unknown}
 K - a potion of berserk rage {unknown}
Books
 c - a book of Maledictions

   Spells                             Type                      Level
   a - Corona                         Hexes                        1
   b - Ensorcelled Hibernation        Hexes/Ice                    2
   c - Confuse                        Hexes                        3
   d - Tukima's Dance                 Hexes                        3
   e - Dazzling Spray                 Conjuration/Hexes            3
 r - a book of Geomancy

   Spells                             Type                      Level
   a - Sandblast                      Earth                        1
   b - Stoneskin                      Transmutation/Earth          2
   c - Passwall                       Transmutation/Earth          3
   d - Stone Arrow                    Conjuration/Earth            3
   e - Petrify                        Transmutation/Earth          4
   f - Lee's Rapid Deconstruction     Earth                        5
 G - a book of Party Tricks

   Spells                             Type                      Level
   a - Summon Butterflies             Summoning                    1
   b - Apportation                    Translocation                1
   c - Tukima's Dance                 Hexes                        3
   d - Alistair's Intoxication        Transmutation/Poison         4
   e - Invisibility                   Hexes                        6
Comestibles
 d - 2 bread rations
 g - 4 fruits


   Skills:
 - Level 1.1 Short Blades
 - Level 3.0 Dodging
 - Level 14.9 Stealth
 + Level 9.9 Spellcasting
 * Level 9.3 Hexes


You had 19 spell levels left.
You knew the following spells:

 Your Spells              Type           Power        Failure   Level  Hunger
a - Ensorcelled Hibernat  Hex/Ice        ####..       1%          2    None
b - Confuse               Hex            #####...     1%          3    None
c - Corona                Hex            #####..      1%          1    None
d - Dazzling Spray        Conj/Hex       ####....     3%          3    None


Dungeon Overview and Level Annotations

Branches:
Dungeon (8/15)             Temple (1/1) D:7
   Lair: D:8-11

Altars:
Ashenzari
Cheibriados
Dithmenos
Fedhas
Gozag
Kikubaaqudgha
Makhleb
Nemelex Xobeh
Okawaru
Qazlal
Ru
Sif Muna
Trog
Vehumet
Xom
Yredelemnul
Zin
The Shining One

Shops:
D:5 *   D:7 (*%

Annotations:
D:7 food


Innate Abilities, Weirdness & Mutations

You are tiny and cannot use many weapons and most armour.
You have supernaturally acute eyesight.
You are a herbivore.
You cover ground extremely quickly.
You need consume almost no food.


Message History

You closely miss the orc.
The orc is heavily wounded.
You hit the orc.
The orc looks even sicker.
The orc is almost dead.
You kill the orc!
No target in view!
You start resting.
Magic restored.
You start resting.
HP restored.
You climb downwards.
The orc priest casts a cantrip, but nothing happens.
The orc priest mumbles some strange prayers to Beogh against you.
Something smites you! The ogre closely misses you. The orc barely misses you.
There is a stone staircase leading up here.
The orc priest mumbles some strange prayers to Beogh against you.
Something smites you! The orc hits you.
The ogre hits you with a giant spiked club!!
Ouch! That really hurt!
You die...

#.o.#####
+........
#).......
#........
#........
#........
#o.......
#@..oo...
#.O......
#........
#.....###
#.....#
#.....#
#######


You could see an ogre, 2 orc priests, an orc wizard and an orc.

Vanquished Creatures
  A hill giant (D:6)
  Eustachio (D:5)
  3 hippogriffs (D:7)
  Menkaure (D:5)
  A wyvern (D:7)
  4 orc warriors
  An ice beast (D:7)
  A sky beast (D:6)
  3 phantoms
  An ogre (D:5)
  A centaur (D:5)
  3 giant frogs (D:6)
  A gnoll sergeant (D:5)
  4 scorpions
  2 crimson imps
  A centaur zombie (D:6)
  4 jellies
  2 hounds
  6 orc priests
  A centaur skeleton (D:6)
  Jessica (D:2)
  3 iguanas
  14 orc wizards
  2 worker ants
  Natasha (thrice) (D:4)
  4 gnolls (D:5)
  10 adders
  A shadow imp (D:5)
  An ooze (D:3)
  A worm (D:2)
  An adder skeleton (D:6)
  6 giant geckos
  36 orcs
  2 ball pythons
  10 hobgoblins
  8 jackals
  6 bats
  A giant cockroach (D:3)
  A giant gecko skeleton (D:6)
  A giant gecko zombie (D:6)
  17 giant newts
  10 goblins
  A jackal skeleton (D:6)
  8 kobolds
  3 quokkas
  A quokka skeleton (D:4)
  A quokka zombie (D:7)
  28 rats
223 creatures vanquished.

Vanquished Creatures (others)
  A rat (D:4)
1 creature vanquished.

Grand Total: 224 creatures vanquished

Notes
Turn   | Place    | Note
--------------------------------------------------------------
     0 | D:1      | MirrMurr the Spriggan Enchanter began the quest for the Orb.
     0 | D:1      | Reached XP level 1. HP: 9/9 MP: 5/5
    20 | D:1      | Reached skill level 5 in Stealth
   113 | D:1      | Reached XP level 2. HP: 11/13 MP: 6/6
   117 | D:1      | Learned a level 2 spell: Ensorcelled Hibernation
   165 | D:1      | Reached skill level 6 in Stealth
   440 | D:1      | Reached XP level 3. HP: 9/16 MP: 8/8
   449 | D:1      | Learned a level 3 spell: Confuse
  1170 | D:2      | Found an iron altar of Okawaru.
  1489 | D:2      | Reached skill level 7 in Stealth
  1501 | D:2      | Reached XP level 4. HP: 17/21 MP: 3/9
  1506 | D:2      | Learned a level 3 spell: Dazzling Spray
  1572 | D:2      | Noticed Jessica
  1582 | D:2      | Killed Jessica
  2288 | D:3      | Found a glowing golden altar of the Shining One.
  2306 | D:3      | Reached skill level 8 in Stealth
  2605 | D:4      | Reached XP level 5. HP: 12/24 MP: 4/11
  2892 | D:4      | Noticed Natasha
  2898 | D:4      | Killed Natasha
  3017 | D:4      | Noticed Natasha
  3124 | D:4      | Reached skill level 9 in Stealth
  3267 | D:4      | Reached XP level 6. HP: 28/28 MP: 13/13
  3395 | D:4      | Found a burning altar of Makhleb.
  3400 | D:4      | Found a deep blue altar of Sif Muna.
  3400 | D:4      | Found an opulent altar of Gozag.
  3400 | D:4      | Found a shattered altar of Ashenzari.
  3402 | D:4      | Found an ancient bone altar of Kikubaaqudgha.
  3403 | D:4      | Killed Natasha
  3404 | D:4      | Found a radiant altar of Vehumet.
  3404 | D:4      | Found a snail-covered altar of Cheibriados.
  3412 | D:4      | Became a worshipper of Ashenzari the Shackled
  3492 | D:4      | Reached skill level 10 in Stealth
  3584 | D:4      | Noticed Natasha
  3594 | D:4      | Killed Natasha
  3884 | D:5      | Entered Level 5 of the Dungeon
  3892 | D:5      | Reached skill level 5 in Spellcasting
  3914 | D:5      | Reached XP level 7. HP: 20/32 MP: 2/16
  3922 | D:5      | Reached skill level 11 in Stealth
  4580 | D:5      | Noticed Menkaure
  5336 | D:5      | Noticed Eustachio
  5356 | D:5      | Killed Eustachio
  5356 | D:5      | Reached skill level 12 in Stealth
  5663 | D:5      | Killed Menkaure
  5663 | D:5      | Reached XP level 8. HP: 7/36 MP: 10/18
  6072 | D:5      | Reached skill level 13 in Stealth
  6102 | D:5      | Found Xichaub's General Store.
  7081 | D:6      | Reached skill level 14 in Stealth
  7758 | D:6      | Reached XP level 9. HP: 29/39 MP: 19/22
  7853 | D:6      | Noticed a hill giant
  7882 | D:6      | Killed a hill giant
  9322 | D:7      | Reached * piety under Ashenzari
  9338 | D:7      | Found Byimp's Food Shop.
  9375 | D:7      | Found Utivuy's Antique Weapon Shop.
  9388 | D:7      | Bought a runed dagger for 52 gold pieces
  9620 | D:7      | Found an ancient bone altar of Kikubaaqudgha.
  9769 | D:7      | Found Ythastris's Assorted Antiques.
  9804 | D:7      | Found a staircase to the Ecumenical Temple.
  9814 | Temple   | Entered the Ecumenical Temple
  9984 | D:7      | Reached XP level 10. HP: 44/44 MP: 21/24
 10302 | D:8      | Slain by an ogre

Action                   |  1- 3 |  4- 6 |  7- 9 | 10-12 || total
-------------------------+-------+-------+-------+-------++-------
Melee: Dagger            |   148 |   212 |   262 |    23 ||   645
 Cast: Ensorcelled Hiber |     6 |    23 |    68 |     2 ||    99
       Dazzling Spray    |       |       |    16 |       ||    16
       Confuse           |       |       |    15 |     3 ||    18
       Corona            |       |       |     5 |       ||     5
  Use: Scroll            |     6 |     7 |     6 |       ||    19
       Potion            |       |     1 |       |       ||     1
 Stab: Sleeping          |    13 |    31 |    46 |     1 ||    91
       Distracted        |       |     1 |     2 |       ||     3
       Confused          |       |       |     8 |     2 ||    10
       Invisible         |       |       |     2 |       ||     2
  Eat: Bread ration      |       |     1 |     1 |       ||     2
       Fruit             |       |     1 |     1 |       ||     2
